 Dungeon Crawl Stone Soup version 0.28.0-1-gb440e238dd (webtiles) character file.

Game seed: 1436246689219934982

3490 Kaptain the Sneak (level 10, -1/68 HPs)
             Began as an Octopode Earth Elementalist on Feb 22, 2022.
             Killed from afar by Erica (27 damage)
             ... with a bolt of poison
             ... on level 8 of the Dungeon.
             The game lasted 00:26:26 (11102 turns).

Kaptain the Sneak (Octopode Earth Elementalist)    Turns: 11102, Time: 00:26:26

Health: -1/68      AC:  1    Str:  7    XL:     10   Next: 7%
Magic:  6/18       EV: 15    Int: 22    God:
Gold:   265        SH:  0    Dex: 13    Spells: 13/20 levels left

rFire   . . .      SeeInvis +   i - +0 flail (protect)
rCold   . . .      Faith    .   (no shield)
rNeg    . . .      Spirit   .   (helmet restricted)
rPois   .          Reflect  .   (no amulet)
rElec   .          Harm     .   y - +4 ring of slaying
rCorr   .          Rampage  .   s - ring of see invisible
Will    .....                   (no ring)
Stlth   ++++......              (no ring)
HPRegen 0.21/turn               (no ring)
MPRegen 0.16/turn               (no ring)
                                (no ring)
                                (no ring)

@: lethally poisoned (-1 -> -25), slowed, very slow
A: almost no armour, amphibious, 8 rings, camouflage 1, gelatinous body 1,
(nimble swimmer 1), tentacles
a: no special abilities


You were on level 8 of the Dungeon.
You visited 1 branch of the dungeon, and saw 8 of its levels.

You collected 265 gold pieces.

Inventory:

Hand Weapons
 c - a +0 hunting sling of venom
 h - a +1 rapier of flaming
 i - a +0 flail of protection (weapon)
 p - a +0 trident
 t - a +2 spectral quarterstaff
Missiles
 j - 187 stones (quivered)
 o - 64 sling bullets
Magical Staves
 d - a staff of cold
Jewellery
 s - a ring of see invisible (right tentacle)
 y - a +4 ring of slaying (left tentacle)
Wands
 A - a wand of acid (11)
 E - a wand of charming (10)
Scrolls
 f - a scroll of amnesia {unknown}
 k - 3 scrolls of enchant weapon
 q - a scroll of immolation
 r - a scroll of enchant armour
 T - 3 scrolls of teleportation
Potions
 a - 3 potions of heal wounds
 b - a potion of brilliance
 g - a potion of invisibility
 l - 2 potions of flight
 n - 4 potions of berserk rage
 u - 2 potions of ambrosia {unknown}
 Q - 3 potions of curing


   Skills:
 + Level 5.8 Fighting
 + Level 6.3 Dodging
 + Level 7.1 Stealth
 + Level 5.7 Spellcasting
 + Level 5.4 Conjurations
 - Level 1.0 Transmutations
 + Level 6.6 Earth Magic


You had 13 spell levels left.
You knew the following spells:

 Your Spells              Type           Power      Damage    Failure   Level
a - Sandblast             Erth           70%        2d15      1%          1
b - Stone Arrow           Conj/Erth      66%        3d11      2%          3
c - Swiftness             Air            6%         N/A       28%         3

Your spell library contained the following spells:

 Spells                   Type           Power      Damage    Failure   Level
 Shock                    Conj/Air       72%        1d7       3%          1
 Passwall                 Tmut/Erth      19%        N/A       3%          2
 Petrify                  Tmut/Erth      23%        N/A       19%         4
 Leda's Liquefaction      Hex/Erth       10%        N/A       24%         4
 Call Canine Familiar     Summ           6%         N/A       28%         3
 Portal Projectile        Hex/Tloc       12%        N/A       28%         3
 Airstrike                Air            3%         N/A       67%         4


Dungeon Overview and Level Annotations

Branches:
Dungeon (8/15)             Temple (0/1) D:4
   Lair: D:8-11

Altars:
Cheibriados
Elyvilon
Fedhas
Wu Jian
Xom

Shops:
D:1 (   D:3 (

Annotations:
D:3 3 runed translucent doors, Morbidden's ghost, weakling DsCj
D:7 1 runed translucent door, NoOffense's ghost, weakling SpDe; Pikel
D:8 Erica


Innate Abilities, Weirdness & Mutations

You cannot wear most types of armour.
You are amphibious.
You can wear up to eight rings at the same time.
Your skin changes colour to match your surroundings (Stealth+).
Your rubbery body absorbs attacks. (AC +1, EV +1)
((You are camouflaged when in or above water. (Stealth+)))
You have tentacles for arms and can constrict up to eight enemies at once.


Message History

You now have 265 gold pieces (gained 2).
As you read the scroll of magic mapping, it crumbles to dust.
You feel aware of your surroundings.
You sensed 2 shops/portals.
Found a stone staircase leading up.
Found 2 pink potions.
Found an escape hatch in the floor.
Erica the Fiery-Tempered comes into view.
She is wielding a +3 scimitar of flaming and wearing a +1 robe of willpower.
Found 13 arrows.
Casting: Stone Arrow (dangerous; 2% risk of failure)
Confirm with . or Enter, or press ? or * to list all spells.
Aiming: Stone Arrow (dangerous; 2% risk of failure)
Press: ? - help, Shift-Dir - straight line, f - Erica
Aim: Erica, wielding a +3 scimitar of flaming and wearing a +1 robe of willpower (71% to hit)
The stone arrow hits Erica!
Erica is lightly wounded.
Erica casts a spell at you. The bolt of poison hits you!!
You are poisoned.
Unknown command.
Casting: Stone Arrow (dangerous; 2% risk of failure)
Confirm with . or Enter, or press ? or * to list all spells.
Aiming: Stone Arrow (dangerous; 2% risk of failure)
Press: ? - help, Shift-Dir - straight line, f/p - Erica
Aim: Erica, wielding a +3 scimitar of flaming and wearing a +1 robe of willpower (lightly wounded, 71% to hit)
The stone arrow hits Erica!!
Erica is heavily wounded.
You feel very sick.
Unknown command.
Casting: Stone Arrow (dangerous; 2% risk of failure)
Confirm with . or Enter, or press ? or * to list all spells.
Aiming: Stone Arrow (dangerous; 2% risk of failure)
Press: ? - help, Shift-Dir - straight line, f/p - Erica
Aim: Erica, wielding a +3 scimitar of flaming and wearing a +1 robe of willpower (heavily wounded, 71% to hit)
The stone arrow hits Erica!!
Erica is severely wounded.
You feel very sick.
Erica points at you and mumbles some strange words.
You feel yourself slow down.
Unknown command.
Casting: Stone Arrow (dangerous; 2% risk of failure)
Confirm with . or Enter, or press ? or * to list all spells.
Aiming: Stone Arrow (dangerous; 2% risk of failure)
Press: ? - help, Shift-Dir - straight line, f/p - Erica
Aim: Erica, wielding a +3 scimitar of flaming and wearing a +1 robe of willpower (severely wounded, 71% to hit)
The stone arrow hits Erica!
Erica is almost dead.
You feel very sick.
Erica points at you and mumbles some strange words.
The bolt of poison hits you!!
You are more poisoned.
You die...

*******,,**,,,**≈≈,,,,,,*,*,*
,,,,,,,,,*..******,>,...*,*,*
,,,,,,,,,,,(.,*,,,,,,...*,*,***
,,,,,***..#.#.******....*,*,*,***
,,,,,,,.......##* *....,,,*,,,,,,
,,,,,.....#.#,..###..#*,,,*,,,,,,
,,,,!........,*...@.##..,,,,,,,,,
,,*,.......#.###........,,,,,,,,,
*,*,,...........@.......,,,,,,,,,
*,*,*......##...###.##..,,,,,,,,*
*,*,**,#.......<# *,***,,,,,,,,,,
*,*,**,#........# *** ********,,,
*,*,**,#........# *,,,,,****
*,#,*#.#........## *,***,*,,*
*,#.##.#.........# *,* *,**,*
*,*,...##.###..#.# *,* *,**,,
*.####.#..# ##.#.#* *,* *,**,,


You could see Erica.

Vanquished Creatures
  Maggie (D:7)
  A troll (D:7)
  Grinder (D:3)
  A wyvern (D:6)
  A water moccasin (D:7)
  2 orc warriors (D:7)
  2 ice beasts
  A black bear (D:7)
  2 necrophages (D:6)
  2 ogres
  A phantom (D:5)
  2 lemures
  Blork the orc (D:5)
  2 wyvern zombies
  A bullfrog (D:6)
  3 scorpions
  A water moccasin skeleton (D:7)
  A howler monkey (D:4)
  4 crimson imps (D:5)
  2 hounds
  4 jellies
  A bullfrog zombie (D:6)
  Crazy Yiuf (D:4)
  3 orc priests
  2 bullfrog skeletons
  3 centaur skeletons
  A gnoll shaman (D:5)
  A scorpion zombie (D:5)
  Terence (D:2)
  3 iguanas
  4 orc wizards
  A hound skeleton (D:4)
  Robin (D:3)
  A howler monkey skeleton (D:6)
  7 gnolls
  9 adders
  A shadow imp (D:6)
  A white imp (D:6)
  An ufetubus (D:6)
  2 dart slugs
  25 orcs
  8 endoplasms
  A giant cockroach (D:2)
  17 goblins
  11 hobgoblins
  10 kobolds
  A quokka (D:1)
  9 ball pythons
  4 bats
  3 frilled lizards
  6 rats
  A spectral hobgoblin (D:2)
176 creatures vanquished.

Vanquished Creatures (others)
  2 plants (D:4)
2 creatures vanquished.

Grand Total: 178 creatures vanquished

Notes
Turn   | Place    | Note
-------+----------+-------------------------------------------
     0 | D:1      | Kaptain the Octopode Earth Elementalist began the quest for
                  | the Orb.
     0 | D:1      | Reached XP level 1. HP: 11/11 MP: 3/3
   148 | D:1      | Found Ycalaud's Weapon Boutique.
   181 | D:1      | Reached XP level 2. HP: 17/18 MP: 1/5
   564 | D:2      | Found a blossoming altar of Fedhas.
   639 | D:2      | Found a faded altar of an unknown god.
   731 | D:2      | Reached skill level 1 in Fighting
   731 | D:2      | Reached XP level 3. HP: 21/23 MP: 3/6
   735 | D:2      | Learned a level 3 spell: Stone Arrow
  1733 | D:3      | Noticed Terence
  1827 | D:2      | Killed Terence
  1828 | D:2      | Reached XP level 4. HP: 15/28 MP: 0/7
  2241 | D:3      | Noticed Morbidden's ghost (weakling DsCj)
  2269 | D:3      | Found a runed translucent gate.
  2269 | D:3      | Found a runed translucent gate.
  2270 | D:3      | Found a runed translucent gate.
  2579 | D:3      | Noticed an ice beast
  2582 | D:3      | Killed an ice beast
  2583 | D:3      | Reached skill level 3 in Dodging
  2583 | D:3      | Reached skill level 3 in Spellcasting
  2583 | D:3      | Reached skill level 1 in Conjurations
  2583 | D:3      | Reached XP level 5. HP: 34/34 MP: 2/9
  2746 | D:3      | Found Ypsaerph's Weapon Shop.
  2932 | D:3      | Noticed Robin
  2937 | D:3      | Killed Robin
  3069 | D:3      | Noticed Grinder
  3083 | D:3      | Paralysed by something for 7 turns
  3104 | D:3      | Paralysed by something for 3 turns
  3424 | D:3      | Killed Grinder
  3425 | D:3      | Reached XP level 6. HP: 38/41 MP: 2/11
  3722 | D:3      | Reached XP level 7. HP: 38/45 MP: 8/12
  4143 | D:4      | Reached skill level 3 in Fighting
  4688 | D:4      | Found a staircase to the Ecumenical Temple.
  5072 | D:4      | Found a runed translucent door.
  5073 | D:4      | Noticed Crazy Yiuf
  5079 | D:4      | Killed Crazy Yiuf
  5235 | D:5      | Entered Level 5 of the Dungeon
  5330 | D:5      | Reached skill level 3 in Conjurations
  5332 | D:5      | Reached skill level 3 in Stealth
  5421 | D:5      | Reached XP level 8. HP: 53/53 MP: 6/14
  5480 | D:5      | Noticed Blork the orc
  5487 | D:5      | Killed Blork the orc
  5827 | D:5      | Found a shimmering altar of Xom.
  6179 | D:5      | Reached skill level 4 in Stealth
  6351 | D:5      | Learned a level 3 spell: Swiftness
  7299 | D:6      | Found a white marble altar of Elyvilon.
  7352 | D:6      | Reached skill level 5 in Stealth
  7457 | D:6      | Noticed a cyclops
  7458 | D:6      | Noticed a two-headed ogre
  7504 | D:6      | Reached XP level 9. HP: 49/59 MP: 6/16
  8097 | D:6      | Found a snail-covered altar of Cheibriados.
  8102 | D:6      | Found an ornate altar of the Wu Jian Council.
  8390 | D:7      | Reached skill level 6 in Earth Magic
  8648 | D:7      | Reached skill level 6 in Stealth
  9038 | D:7      | Found a runed translucent door.
  9040 | D:7      | Found a shimmering altar of Xom.
  9040 | D:7      | Noticed NoOffense's ghost (weakling SpDe)
  9040 | D:7      | Noticed a +1 short sword of chaos
  9187 | D:7      | Noticed a troll
  9196 | D:7      | Killed a troll
  9197 | D:7      | Reached skill level 6 in Dodging
  9197 | D:7      | Noticed Maggie
  9248 | D:7      | Killed Maggie
  9571 | D:7      | Noticed Pikel
 10189 | D:7      | Reached XP level 10. HP: 68/68 MP: 8/18
 10272 | D:7      | Reached skill level 7 in Stealth
 11096 | D:8      | Noticed Erica
 11102 | D:8      | Killed from afar by Erica

Illustrated notes

Levels and vault maps discovered:
D:1:      saegor_arrival_under_anarchy, layout_rooms, serial_shops,
          nicolae_shop_temple_entry_statues_fountains, grunt_decor_fettered
D:2:      layout_loops_cross, basic_altar,
          dreamdust_ecumenical_altar_drowned_temple
D:3:      layout_basic, gammafunk_ghost_split, serial_shops,
          nicolae_shop_bloodbath_and_beyond, uniq_terence, uniq_robin,
          uniq_grinder
D:4:      corexii_shantytown, layout_loops_ring, minmay_temple_entry_overgrown,
          minmay_misc_feat_pillars, uniq_crazy_yiuf_cottage
D:5:      layout_loops_corners, led_xom_imps, uniq_blork_the_orc
D:6:      layout_loops_ring, general_overflow_altar,
          amethyst_overflow_temple_binary, lightli_corner_chamber
D:7:      layout_layer_cave, ebering_ghost_xom, uniq_pikel, uniq_maggie
D:8:      layout_rooms, nicolae_ossuary_entry_catacombs,
          serial_co_window_serial, co_window_paths_a, co_window_paths_b,
          co_window_corner_a, co_window_paths_a, co_window_of_opportunity_a,
          co_window_corner_cb, co_window_broadway_a, co_window_corner_b,
          co_window_of_opportunity_b, co_window_unsneaky_path_b,
          co_window_of_opportunity_c, co_window_4corner_b, glass_columns_a,
          glass_columns_c, glass_columns_a, glass_columns_b, glass_columns_b,
          roderic_filled_cross, serial_park_tiny_2, hellmonk_scale_shop,
          uniq_harold, uniq_psyche, uniq_erica

Skill      XL: |  1  2  3  4  5  6  7  8  9 10 |
---------------+-------------------------------+-----
Fighting       | 1 2 3 4 5 |  5.8
Dodging        | 3 4 5 6 |  6.3
Spellcasting   | 3 4 5 |  5.7
Conjurations   | 1 2 3 4 5 |  5.4
Earth Magic    | 4 5 6 |  6.6
Stealth        | 3 5 6 7 |  7.1
Transmutations | |  1.0

Action                   |  1- 3 |  4- 6 |  7- 9 | 10-12 || total
-------------------------+-------+-------+-------+-------++-------
Melee: Tentacles         |     2 |     1 |     5 |       ||     8
       Constrict         |     2 |     1 |     3 |       ||     6
       Hand axe          |     2 |       |       |       ||     2
       Staff             |     1 |     1 |       |       ||     2
       Rapier            |       |       |     7 |       ||     7
       Flail             |       |       |     4 |     2 ||     6
 Fire: Hunting sling     |    69 |    51 |     6 |       ||   126
 Cast: Sandblast         |    26 |    24 |    92 |     5 ||   147
       Stone Arrow       |     2 |     9 |   109 |    18 ||   138
       Swiftness         |       |       |     1 |       ||     1
Evoke: Wand              |       |       |     1 |       ||     1
  Use: Scroll            |       |       |    12 |     4 ||    16
       Potion            |       |       |     1 |       ||     1
 Stab: Sleeping          |     2 |       |       |       ||     2
Armor: Skin              |     1 |     6 |     6 |       ||    13
Dodge: Dodged            |    10 |    11 |    42 |     7 ||    70
